cohdb
Replays
Latest Replays
All Replays
Popular Replays
Top Player Replays
Match Explorer
How It Works
Community
CoH3 Stats
Reddit
Sign in to upload your games and track your stats! →
Sign in with Steam
Match 42094773
Unlisted
Match 42094773
Overview
Messages
Build Orders
End
Construct Section Command Post
Selects Heavy Armor Battlegroup
Royal Engineer Section
Infantry Section
Infantry Section
ML 3-inch Mortar Team
Construct Platoon Command Post
Selects Rigorous Vehicle Training
Humber Armored Car
Infantry Section
Selects Forward Repair Assembly
Selects UNKNOWN (2162094)
Construct Field Infirmary
Selects Light Vehicle Withdraw and Refit
Infantry Training
Selects Radio Net
6-pounder Anti-tank Gun Team
Construct Company Command Post
Selects Designate Targets
Foot Guards Section
Ğğğ_ğğğ_ĞĞĞ
Nubbl0r
0
0
Comments
sign in to comment!
No comments posted yet!